 Dungeon Crawl Stone Soup version 0.31-a0-152-g6aa68a64a1 (webtiles) character file.

Game seed: 2739290242287404197

427 Zonian the Shield-Bearer (level 6, -8/62 HPs)
             Began as a Troll Fighter on June 11, 2023.
             Mangled by Menkaure (13 damage)
             ... on level 4 of the Dungeon.
             The game lasted 00:04:44 (2539 turns).

Zonian the Shield-Bearer (Troll Fighter)            Turns: 2539, Time: 00:04:46

Health: -8/62      AC:  4    Str: 27    XL:     6   Next: 65%
Magic:  5/5        EV:  9    Int:  4    God:
Gold:   128        SH:  8    Dex:  9    Spells: 5/5 levels left

rFire   + .          .
                       - Unarmed
rCold   . . .        b - +0 kite shield
rNeg    . . .        a - +0 robe
rPois   .            (helmet restricted)
rElec   .            (no cloak)
rCorr   .            (gloves unavailable)
SInv    .            (boots unavailable)
Will    .....        (no amulet)
Stlth   +            p - ring of protection from fire
HPRegen 1.10/turn    (no ring)
MPRegen 0.09/turn

%: no passive effects
@: no status effects
A: large, unfitting armour, claws 3, regeneration 1, shaggy fur 1, tough skin 1
a: no special abilities


You were on level 4 of the Dungeon.
You visited 1 branch of the dungeon, and saw 4 of its levels.

You collected 128 gold pieces.

Inventory:

Armour
 a - a +0 robe (worn)
 b - a +0 kite shield (worn)
Jewellery
 p - a ring of protection from fire (left claw)
Wands
 h - a wand of digging (8)
Scrolls
 d - 3 scrolls of teleportation {unknown}
 i - 2 scrolls of identify {unknown}
 k - a scroll of vulnerability {unknown}
 l - a scroll of brand weapon {unknown}
 m - a scroll of enchant weapon {unknown}
 n - a scroll of blinking {unknown}
Potions
 c - a potion of might
 e - a potion of curing {unknown}
 f - a potion of invisibility {unknown}
 g - 2 potions of lignification {unknown}
 j - 3 potions of degeneration {unknown}
 o - a potion of enlightenment {unknown}


   Skills:
 + Level 3.7 Fighting
 + Level 3.8 Dodging
 + Level 4.1 Shields
 + Level 3.9 Unarmed Combat


You had 5 spell levels left.
You didn't know any spells.
Your spell library contained the following spells:

 Spells                   Type           Power      Damage    Failure   Level
 Freeze                   Ice            0%         1d3       75%         1
 Frozen Ramparts          Ice            0%         1d1       98%         3
 Hailstorm                Conj/Ice       0%         3d3       98%         3


Dungeon Overview and Level Annotations

Branches:
Dungeon (4/15)
 Temple: D:4-7

Altars:
Elyvilon
Wu Jian

Shops:
D:4 [(*

Annotations:
D:4 Menkaure


Innate Abilities, Weirdness & Mutations

You are too large for most types of armour.
You have claws for hands.
Your natural rate of healing is unusually fast.
You are covered in fur. (AC +1)
You have tough skin. (AC +1)


Message History

Unknown command.
You open the door.
There is an open door here.
There is an open door here.
There is an open door here.
You open the door.
Found Zyewkait's Antique Weapon Emporium.
There is an open door here.
You enter the shallow water.
There is an entrance to Zyewkait's Antique Weapon Emporium here.
Unknown command.
As you open the door, it creaks loudly!
An endoplasm comes into view.
The endoplasm quivers.
You hear a shout!
Menkaure, Prince of Dust comes into view.
There are monsters nearby!
Found 16 gold pieces.
There is an open door here.
You claw Menkaure!
Menkaure is heavily damaged.
Menkaure calls on the powers of darkness!
Your body is wracked with pain!
The endoplasm convulses!
You barely miss Menkaure.
Menkaure is heavily damaged.
Menkaure calls on the powers of darkness!
The endoplasm convulses!
Your body is wracked with pain!
* * * LOW HITPOINT WARNING * * *
You claw Menkaure!
Menkaure is almost destroyed.
Menkaure hits you!
* * * LOW HITPOINT WARNING * * *
Unknown command.
You barely miss Menkaure.
Menkaure is almost destroyed.
The endoplasm freezes you.
You are frozen.
* * * LOW HITPOINT WARNING * * *
Menkaure hits you!
You die...

.....# .....# ...#
.....+ ...# .....# ...#
.....# ...# .....# $..#
.....# ...####
.....##########+#.......
.≈≈≈.#..........@J......
≈≈~≈~#..........#M......
≈≈∩.............#.......
≈≈≈~~#....##....#.......
.≈≈≈.#....##....########
.....#....#......#
.....##...##.....#
.....##+####.....#
.....# ........#


You could see Menkaure and an endoplasm.

Vanquished Creatures
  The ghost of samgaumpmail the Trooper, an amateur OpTm (D:3)
  An orc priest (D:4)
  2 iguanas (D:4)
  Natasha (D:3)
  An orc wizard (D:4)
  3 gnolls (D:2)
  7 adders
  5 dart slugs
  4 orcs
  6 endoplasms
  5 hobgoblins
  5 jackals
  13 kobolds
  A quokka (D:2)
  3 ball pythons
  6 bats
  3 frilled lizards
  4 goblins
  6 rats
77 creatures vanquished.

Notes
Turn   | Place    | Note
-------+----------+-------------------------------------------
     0 | D:1      | Zonian the Troll Fighter began the quest for the Orb.
     0 | D:1      | Reached XP level 1. HP: 22/22 MP: 0/0
   151 | D:1      | Reached XP level 2. HP: 29/29 MP: 1/1
   800 | D:2      | Found a white marble altar of Elyvilon.
   819 | D:2      | Reached skill level 3 in Shields
   869 | D:2      | Identified the +5 dagger of Valiance {freeze, rElec rC+
                  | Dex+3}
   885 | D:2      | Reached XP level 3. HP: 36/36 MP: 2/2
  1045 | D:2      | Reached XP level 4. HP: 44/44 MP: 3/3
  1558 | D:3      | Noticed Natasha
  1571 | D:3      | Killed Natasha
  1593 | D:3      | Found a runed translucent door.
  1597 | D:3      | Noticed samgaumpmail's ghost (amateur OpTm)
  1614 | D:3      | Reached XP level 5. HP: 53/53 MP: 4/4
  1618 | D:3      | Killed samgaumpmail's ghost
  1619 | D:3      | Reached XP level 6. HP: 55/61 MP: 5/5
  1978 | D:3      | Found an ornate altar of the Wu Jian Council.
  1982 | D:3      | Found a faded altar of an unknown god.
  2161 | D:4      | Found Jocret's Armour Shoppe.
  2192 | D:4      | Found Amonwok's Assorted Antiques.
  2198 | D:4      | Identified the +5 ring mail "Qiocy" {rN+ Int+2 SInv}
  2225 | D:4      | Reached skill level 4 in Shields
  2228 | D:4      | HP: 3/60 [orc/+0 hand axe (3)]
  2374 | D:4      | Found Jefiusor's General Store.
  2505 | D:4      | Found Zyewkait's Antique Weapon Emporium.
  2534 | D:4      | Noticed Menkaure
  2539 | D:4      | Mangled by Menkaure

Illustrated notes

Levels and vault maps discovered:
D:1:      lordsloth_arrival_two_stooges, layout_loops_ring, nrook_uturn
D:2:      layout_loops_ring, basic_altar, lexackson_kobold_supper
D:3:      layout_loops_cross, nzn_wu_jian_council_hall, ebering_ghost_sewer_d,
          ebering_ecumenical_altar_petrified, uniq_natasha
D:4:      layout_gridville, nicolae_overflow_two_pavilions, serial_shops, shop,
          shop, shop, nicolae_shop_waterfront, shop, uniq_menkaure

Skill      XL: |  1  2  3  4  5  6 |
---------------+-------------------+-----
Shields        | 3 4 |  4.1
Dodging        | 3 |  3.8
Fighting       | 3 |  3.7
Unarmed Combat | 3 |  3.9

Action                     |  1- 3 |  4- 6 || total
---------------------------+-------+-------++-------
  Melee: Unarmed           |    72 |   150 ||   222
    Use: Potion            |       |     1 ||     1
 Armour: Robe              |    28 |    32 ||    60
  Dodge: Dodged            |    24 |    55 ||    79
  Block: Kite shield       |    38 |    62 ||   100

Table legend: (Time is in decaauts)
 A = Elapsed time spent in this place.
 B = Non-inter-level travel time spent in this place.
 C = Inter-level travel time spent in this place.
 D = Time resting spent in this place.
 E = Time spent auto-exploring this place.
 F = Levels seen in this place.
 G = Mean time per level.
                   A        B        C        D        E       F      G
               +--------+--------+--------+--------+--------+-----+--------+
         Total |   2551 |   2454 |     97 |     28 |   1872 |   4 |  637.8 |
       Dungeon |   2551 |   2454 |     97 |     28 |   1872 |   4 |  637.8 |
               +--------+--------+--------+--------+--------+-----+--------+

Top non-repeatable levels by time:
     D:1: 782 daAuts
     D:2: 688 daAuts
     D:3: 672 daAuts
     D:4: 408 daAuts
